 Dungeon Crawl Stone Soup version 0.29-a0-103-g37f86683bf (webtiles) character file.

Game seed: 5718591832997757331

189 kae the Ruffian (level 5, -4/42 HPs)
             Began as a Draconian Transmuter on Feb 15, 2022.
             Slain by Grinder (6 damage)
             ... while paralysed by Grinder
             ... on level 3 of the Dungeon.
             The game lasted 00:02:36 (3017 turns).

kae the Ruffian (Draconian Transmuter)              Turns: 3017, Time: 00:02:37

Health: -4/42      AC:  6    Str: 13    XL:     5   Next: 40%
Magic:  6/8        EV:  2    Int: 15    God:
Gold:   70         SH:  0    Dex: 11    Spells: 5/9 levels left

rFire   . . .      SeeInvis .     - Unarmed
rCold   . . .      Faith    .   (no shield)
rNeg    . . .      Spirit   .   (armour unavailable)
rPois   .          Reflect  .   (helmet restricted)
rElec   .          Harm     .   a - +0 cloak
rCorr   .          Rampage  .   (no gloves)
Will    .....                   (no boots)
Stlth   +.........              (no amulet)
HPRegen 0.14/turn               (no ring)
MPRegen 0.11/turn               (no ring)

@: paralysed
A: AC +5, unfitting armour, cold-blooded
a: no special abilities


You were on level 3 of the Dungeon.
You visited 1 branch of the dungeon, and saw 5 of its levels.

You collected 126 gold pieces.
You spent 56 gold pieces at shops.

Inventory:

Armour
 a - a +0 cloak (worn)
Scrolls
 c - a scroll of fog
 h - a scroll of amnesia
 m - a scroll of torment
Potions
 b - a potion of cancellation {unknown}
 d - 2 potions of degeneration
 e - a potion of heal wounds {unknown}
 f - a potion of haste {unknown}
 g - a potion of curing
 i - a potion of might {unknown}
 j - 2 potions of ambrosia {unknown}


   Skills:
 + Level 2.3 Fighting
 + Level 2.4 Dodging
 * Level 4.0 Unarmed Combat
 + Level 2.6 Spellcasting
 * Level 3.3 Transmutations
 * Level 1.0 Poison Magic


You had 5 spell levels left.
You knew the following spells:

 Your Spells              Type           Power      Damage    Failure   Level
a - Beastly Appendage     Tmut           24%        N/A       5%          1
b - Spider Form           Tmut/Pois      8%         N/A       26%         3

Your spell library contained the following spells:

 Spells                   Type           Power      Damage    Failure   Level
 Wereblood                Tmut           12%        N/A       8%          2
 Blink                    Tloc           2%         N/A       32%         2
 Tukima's Dance           Hex            1%         N/A       54%         3
 Ice Form                 Ice/Tmut       6%         N/A       71%         4
 Anguish                  Hex/Necr       0%         N/A       91%         4
 Manifold Assault         Tloc           1%         N/A       99%         5
 Enfeeble                 Hex            0%         N/A       100%        7
 Storm Form               Tmut/Air       3%         N/A       100%        7


Dungeon Overview and Level Annotations

Branches:
Dungeon (5/15)
 Temple: D:4-7

Altars:
Hepliaklqana

Shops:
D:3 !

Annotations:
D:3 Grinder


Innate Abilities, Weirdness & Mutations

Your plain brown scales are hard. (AC +5)
You cannot fit into any form of body armour.
You are cold-blooded and may be slowed by cold attacks.


Message History

Grinder hits you.
You writhe in agony.
You hit Grinder.
Grinder is heavily wounded.
Grinder closely misses you.
You are too injured to fight recklessly!
You are too injured to fight recklessly!
You hit Grinder.
Grinder is severely wounded.
Grinder says, "Wait up."
Grinder barely misses you.
You hit Grinder.
Grinder is severely wounded.
Grinder completely misses you.
You bite Grinder!
Grinder is almost dead.
Grinder hits you.
You writhe in agony.
You hit Grinder but do no damage.
Grinder is almost dead.
Your transformation has ended.
Your +0 cloak unmelds from your body.
Grinder gestures at you. Pain shoots through your body!
* * * LOW HITPOINT WARNING * * *
You hit Grinder but do no damage.
Grinder is almost dead.
Grinder hits you.
* * * LOW HITPOINT WARNING * * *
You writhe in agony.
* * * LOW HITPOINT WARNING * * *
You barely miss Grinder.
Grinder is almost dead.
Grinder barely misses you.
You barely miss Grinder.
Grinder is almost dead.
Grinder gestures at you.
You suddenly lose the ability to move!
Grinder hits you.
* * * LOW HITPOINT WARNING * * *
You writhe in agony.
You die...

.####.#.##...#
#.# #......#
.####.#.###..#
#.# #......#
.#<...#.# #..#
#.# #......####
.######.# ##.#
#.# #..........
.. ..# #..###.##
######.#### ..
### #.....$.# ###
..
####.###..######
...
#.........†.....#
.##...@......#.#
#..5.......#
#..........#
............#
####)##+###### #.
#. ######### ..
#.......


You could see Grinder.

Vanquished Creatures
  A phantom (D:4)
  A bullfrog zombie (D:5)
  An adder (D:3)
  An ufetubus (D:4)
  A worm (D:2)
  2 dart slugs
  An orc (D:3)
  6 ball pythons
  4 bats
  7 endoplasms
  8 hobgoblins
  4 jackals (D:1)
  3 quokkas (D:2)
  3 frilled lizards
  4 goblins
  4 kobolds
  5 rats
56 creatures vanquished.

Vanquished Creatures (others)
  8 demonic plants (D:1)
  A fungus (D:1)
  5 withered plants (D:1)
14 creatures vanquished.

Grand Total: 70 creatures vanquished

Notes
Turn   | Place    | Note
-------+----------+-------------------------------------------
     0 | D:1      | kae the Draconian Transmuter began the quest for the Orb.
     0 | D:1      | Reached XP level 1. HP: 16/16 MP: 3/3
    36 | D:1      | Found a faded altar of an unknown god.
    58 | D:1      | Reached XP level 2. HP: 17/23 MP: 5/5
   875 | D:2      | Reached XP level 3. HP: 28/28 MP: 4/6
  1540 | D:2      | Found a hazy altar of Hepliaklqana.
  1957 | D:3      | Found Oguwu's Distillery.
  1972 | D:3      | Bought a potion of degeneration for 14 gold pieces
  1972 | D:3      | Bought a potion of curing for 42 gold pieces
  2085 | D:3      | Reached XP level 4. HP: 36/36 MP: 5/7
  2135 | D:3      | You fall into a shaft and drop 2 floors!
  2135 | D:5      | Entered Level 5 of the Dungeon
  2135 | D:5      | Noticed a black bear
  2140 | D:5      | Noticed a water moccasin
  2508 | D:4      | Learned a level 3 spell: Spider Form
  2572 | D:4      | Noticed a phantom
  2598 | D:4      | Killed a phantom
  2599 | D:4      | Reached skill level 4 in Unarmed Combat
  2599 | D:4      | Reached skill level 1 in Poison Magic
  2599 | D:4      | Reached XP level 5. HP: 13/41 MP: 6/8
  2995 | D:3      | Noticed Grinder
  3016 | D:3      | Paralysed by Grinder for 2 turns
  3017 | D:3      | HP: 2/42 [Grinder (1)]
  3017 | D:3      | Slain by Grinder

Illustrated notes

Levels and vault maps discovered:
D:1:      minmay_arrival_three_doors, layout_rooms, shapermc_ecumenical_altar_gd
D:2:      layout_loops_ring, basic_altar, kennysheep_generic_room_2
D:3:      layout_basic, kennysheep_vampire_church, serial_shops, shop,
          uniq_jessica, uniq_grinder
D:4:      layout_basic, mainiacjoe_overflow_tiny_flanked
D:5:      layout_basic, minmay_temple_entry_junction

Skill      XL: |  1  2  3  4 |
---------------+-------------+-----
Dodging        | 2 |  2.4
Fighting       | 2 |  2.3
Transmutations | 3 |  3.3
Unarmed Combat | 4 |  4.0
Poison Magic   | 1 |  1.0
Spellcasting   | |  2.6

Action                   |  1- 3 |  4- 6 || total
-------------------------+-------+-------++-------
Melee: Unarmed           |   107 |    61 ||   168
       Kick              |    18 |    10 ||    28
       Headbutt          |     7 |     5 ||    12
       Tailslap          |     9 |     7 ||    16
       Punch             |     2 |       ||     2
 Cast: Beastly Appendage |    23 |    12 ||    35
       Spider Form       |       |     1 ||     1
  Use: Scroll            |     6 |     3 ||     9
       Potion            |       |     1 ||     1
 Stab: Sleeping          |     2 |       ||     2
Armor: Skin              |    50 |    20 ||    70
Dodge: Dodged            |    72 |    48 ||   120

Table legend: (Time is in decaauts)
 A = Elapsed time spent in this place.
 B = Non-inter-level travel time spent in this place.
 C = Inter-level travel time spent in this place.
 D = Time resting spent in this place.
 E = Time spent auto-exploring this place.
 F = Levels seen in this place.
 G = Mean time per level.
                   A        B        C        D        E       F      G
               +--------+--------+--------+--------+--------+-----+--------+
         Total |   3007 |   2972 |     35 |    590 |   1865 |   5 |  601.4 |
       Dungeon |   3007 |   2972 |     35 |    590 |   1865 |   5 |  601.4 |
               +--------+--------+--------+--------+--------+-----+--------+

Top non-repeatable levels by time:
     D:2: 911 daAuts
     D:1: 844 daAuts
     D:3: 572 daAuts
     D:4: 345 daAuts
     D:5: 333 daAuts
